 Dungeon Crawl Stone Soup version 0.24.0-13-gcf9b319 (webtiles) character file.

Game seed: 5585218089099612145, levelgen mode: deterministic

25 Fortress the Conjurer (level 2, -6/20 HPs)
             Began as a Draconian Conjurer on Jan 10, 2020.
             Killed from afar by an orc wizard (10 damage)
             ... with a magic dart
             ... on level 2 of the Dungeon.
             The game lasted 00:04:24 (1547 turns).

Fortress the Conjurer (Draconian Conjurer)          Turns: 1547, Time: 00:04:24

Health: -6/20      AC:  5    Str: 10    XL:     2   Next: 86%
Magic:  3/5        EV: 12    Int: 15    God:
Gold:   48         SH:  0    Dex: 11    Spells: 4/5 levels left

rFire    . . .     SeeInvis .   j - +0 hand axe
rCold    . . .     Gourm    .   (no shield)
rNeg     . . .     Faith    .   (armour unavailable)
rPois    .         Spirit   .   (helmet restricted)
rElec    .         Reflect  .   (no cloak)
rCorr    .         Harm     .   c - +0 pair of gloves
MR       .....                  (no boots)
Stlth    ++........             (no amulet)
HPRegen  0.06/turn              (no ring)
MPRegen  0.09/turn              (no ring)

@: flying
A: unfitting armour, cold-blooded, AC +4
a: no special abilities


You were on level 2 of the Dungeon.
You were hungry.

You visited 1 branch of the dungeon, and saw 2 of its levels.

You collected 48 gold pieces.

Inventory:

Hand Weapons
 j - a +0 hand axe (weapon)
Missiles
 f - 4 silver boomerangs (quivered)
Armour
 c - a +0 pair of gloves (worn)
Scrolls
 d - 2 scrolls of remove curse {unknown}
 e - a scroll of identify {unknown}
 g - a scroll of teleportation {unknown}
 i - a scroll of blinking {unknown}
Potions
 a - a potion of lignification {unknown}
 h - a potion of flight
 k - a potion of ambrosia {unknown}
Comestibles
 b - 2 rations


   Skills:
 - Level 2.0 Dodging
 + Level 1.9 Stealth
 - Level 0.2 Unarmed Combat
 + Level 2.2 Spellcasting
 + Level 4.5 Conjurations


You had 4 spell levels left.
You knew the following spells:

 Your Spells              Type           Power        Failure   Level  Hunger
a - Magic Dart            Conj           ###.         3%          1    #......

Your spell library contained the following spells:

 Spells                   Type           Power        Failure   Level  Hunger
 Searing Ray              Conj           ###...       4%          2    ###....
 Dazzling Spray           Conj/Hex       #.....       26%         3    ###....
 Iskenderun's Mystic Bla  Conj           ###.....     32%         4    #####..
 Force Lance              Conj/Tloc      #.......     65%         4    #####..
 Fulminant Prism          Conj/Hex       #.........   65%         4    #####..


Dungeon Overview and Level Annotations

Branches:
Dungeon (2/15)

Altars:


Innate Abilities, Weirdness & Mutations

Your plain brown scales are hard. (AC +4)
You cannot fit into any form of body armour.
You are cold-blooded and may be slowed by cold attacks.


Message History

You're too confused to cast spells.
You bump into the rock wall.
The orc wizard hits you with a +0 dagger.
You bump into the rock wall.
You feel less confused.
The orc wizard points at you and mumbles some strange words.
The magic dart hits you.
* * * LOW HITPOINT WARNING * * *
It was a potion of flight.
You feel very buoyant.
You fly up into the air.
The orc wizard hits you but does no damage.
The frilled lizard unfolds its giant frill.
The orc wizard casts a spell at you. You resist with significant effort.
There is a stone staircase leading up here.
The orc wizard gestures at you while chanting.
The magic dart hits you!
Ouch! That really hurt!
You die...

#...#..# #...##.#
#...##[# #......#
#.l...<#
#g#..#.......#
#o#...l.....%.
.######.# ....>.....
.......@#...........
.####...#.....######
#.#.....#.# #.......
.# ###.##. ... ..
#.. .. ### ..


You could see an orc wizard, a hobgoblin and a frilled lizard.

Vanquished Creatures
  3 leopard geckos (D:1)
  An orc (D:1)
  2 giant cockroaches (D:1)
  6 hobgoblins (D:1)
  2 bats (D:1)
  2 frilled lizards (D:1)
  4 rats (D:1)
20 creatures vanquished.

Notes
Turn   | Place    | Note
-------+----------+-------------------------------------------
     0 | D:1      | Fortress the Draconian Conjurer began the quest for the
                  | Orb.
     0 | D:1      | Reached XP level 1. HP: 14/14 MP: 3/3
   604 | D:1      | Reached XP level 2. HP: 20/20 MP: 0/5
  1547 | D:2      | Killed from afar by an orc wizard

Levels and vault maps discovered:
D:1:      wander_arrival_desolate, layout_basic, nrook_uturn
D:2:      layout_basic, overflow_temple_1_default,
          chequers_temple_overflow_statue_of_worship, first_ration

Skill      XL: |  1  2 |
---------------+-------+-----
Dodging        | 2 |  2.0
Stealth        | |  1.9
Unarmed Combat | |  0.2
Spellcasting   | |  2.2
Conjurations   | |  4.5

Action                   || total
-------------------------++-------
Melee: Unarmed           ||    73
       Tailslap          ||     2
       Hand axe          ||     3
 Cast: Magic Dart        ||    42
  Use: Potion            ||     1
  Eat: Chunk             ||     2
Armor: Skin              ||    24
Dodge: Dodged            ||    49
